 Dungeon Sprint DCSS version 0.17-a0-1718-g72dbe4d (webtiles) character file.

282 Kidiri the Covert (level 6, -2/24 (28) HPs)
             Began as a Spriggan Enchanter on Aug 25, 2015.
             Slain by a necrophage (4 damage)
             ... in the Dungeon (Sprint II: "The Violet Keep of Menkaure").
             The game lasted 00:01:33 (93 turns).

Kidiri the Covert (Spriggan Enchanter)                Turns: 93, Time: 00:01:33

HP:   -2/24 (28)    AC:  3    Str:  4    XL:     6   Next: 6%
MP:   16/18         EV: 26    Int: 17    God:
Gold: 0             SH:  0    Dex: 18    Spells: 1 memorised, 20 levels left

rFire  . . .     SeeInvis +     a - +1 dagger
rCold  . . .     Clarity  .     b - +1 robe
rNeg   . . .     SustAt   .     (shield restricted)
rPois  .         Gourm    .     (helmet restricted)
rElec  .         Spirit   .     (no cloak)
rCorr  .         Warding  .     (gloves unavailable)
rMut   .         NoTele   +     (boots unavailable)
MR     +....                    (no amulet)
Stlth  +++++.....               (no ring)
                                (no ring)

@: very quick, somewhat resistant to hostile enchantments, quite stealthy
A: unfitting armour, see invisible, herbivore 3, speed 3, slow metabolism 2
a: no special abilities


You were in the Dungeon.
You were not hungry.

You visited 1 branch

Inventory:

Hand weapons
 a - a +1 dagger (weapon)
Armour
 b - a +1 robe (worn)
Scrolls
 j - a scroll of blinking
Potions
 g - a potion of haste
 h - 2 potions of magic
Books
 c - a book of Maledictions

   Spells                             Type                      Level
   a - Corona                         Hexes                        1
   b - Ensorcelled Hibernation        Hexes/Ice                    2
   c - Confuse                        Hexes                        3
   d - Tukima's Dance                 Hexes                        3
   e - Dazzling Spray                 Conjuration/Hexes            3
Comestibles
 d - a bread ration


   Skills:
 + Level 4.7 Short Blades
 * Level 9.6 Dodging
 * Level 10.6 Stealth
 * Level 8.1 Spellcasting
 + Level 6.4 Hexes


You had 20 spell levels left.
You knew the following spells:

 Your Spells              Type           Power        Failure   Level  Hunger
a - Corona                Hex            ####...      1%          1    None


Dungeon Overview and Level Annotations

Branches:
Dungeon (1/1)

Altars:


Innate Abilities, Weirdness & Mutations

You are tiny and cannot use many weapons and most armour.
You have supernaturally acute eyesight.
You are a herbivore.
You cover ground extremely quickly.
You need consume almost no food.


Message History

Okay, then.
Unknown command.
You barely miss the necrophage.
The necrophage is lightly damaged.
You hit the necrophage.
The necrophage is lightly damaged.
The necrophage completely misses you.
You hit the necrophage.
The necrophage is moderately damaged.
The necrophage closely misses you.
You hit the necrophage but do no damage.
The necrophage is moderately damaged.
The necrophage hits you.
* * * LOW HITPOINT WARNING * * *
You hit the necrophage but do no damage.
The necrophage is moderately damaged.
Unknown command.
There is a staircase leading out of the dungeon here.
The necrophage hits you.
You die...

## ## H# #H #
.#. # ##. #+#
.##
#.B.##.##...#
#+.n@†$#
#.B$##.##...#
##. #+# .## #
.## # w# ##


You could see a necrophage.

Vanquished Creatures
  3 necrophages (D)
3 creatures vanquished.

Notes
Turn   | Place    | Note
--------------------------------------------------------------
     0 | D        | Kidiri the Spriggan Enchanter began the quest for the Orb.
     0 | D        | Reached XP level 1. HP: 9/9 MP: 5/5
     1 | D        | Noticed a hippogriff
     1 | D        | Noticed a hippogriff
     4 | D        | Noticed a boulder beetle
     4 | D        | Noticed a boulder beetle
     7 | D        | Noticed a brain worm
    10 | D        | Noticed a necrophage
    10 | D        | Noticed a necrophage
    10 | D        | Noticed a necrophage
    10 | D        | Noticed a necrophage
    23 | D        | Killed a necrophage
    23 | D        | Reached skill level 7 in Dodging
    23 | D        | Reached skill level 8 in Stealth
    23 | D        | Reached skill level 5 in Spellcasting
    23 | D        | Reached skill level 5 in Hexes
    23 | D        | Reached XP level 2. HP: 10/13 MP: 5/9
    23 | D        | Reached XP level 3. HP: 12/16 MP: 6/11
    23 | D        | Reached XP level 4. HP: 15/21 MP: 6/12
    37 | D        | Killed a necrophage
    37 | D        | Reached skill level 9 in Stealth
    37 | D        | Reached XP level 5. HP: 19/24 MP: 7/15
    78 | D        | Killed a necrophage
    78 | D        | Reached skill level 10 in Stealth
    78 | D        | Reached XP level 6. HP: 10/26 MP: 14/18
    93 | D        | Slain by a necrophage

Vault maps used:
D:        the_violet_keep_of_menkaure

Action                   |  1- 3 |  4- 6 || total
-------------------------+-------+-------++-------
Melee: Dagger            |    11 |    64 ||    75
  Use: Potion            |     1 |     2 ||     3
